 Dungeon Crawl Stone Soup version 0.21-a0-171-g0f4a3b6 (webtiles) character file.

7 Goblin1989 the Firebug (level 1, 0/10 HPs)
             Began as a Deep Elf Fire Elementalist on Aug 7, 2017.
             Slain by a giant cockroach (2 damage)
             ... on level 2 of the Dungeon.
             The game lasted 00:02:29 (113 turns).

Goblin1989 the Firebug (Deep Elf Fire Elementalist)  Turns: 113, Time: 00:02:30

Health: 0/10       AC:  2    Str:  5    XL:     1   Next: 91%
Magic:  1/6        EV: 13    Int: 19    God:
Gold:   8          SH:  0    Dex: 15    Spells: 5/6 levels left

rFire    . . .     SeeInvis .   (no weapon)
rCold    . . .     Gourm    .   (no shield)
rNeg     . . .     Faith    .   a - +0 robe
rPois    .         Spirit   .   (no helmet)
rElec    .         Reflect  .   (no cloak)
rCorr    .         Harm     .   (no gloves)
MR       .....                  (no boots)
Stlth    ++........             f - amulet of inaccuracy (curse)
HPRegen  0.03/turn              (no ring)
MPRegen  0.10/turn              (no ring)

@: no status effects
A: no striking features
a: no special abilities


You were on level 2 of the Dungeon.
You were not hungry.

You visited 1 branch of the dungeon, and saw 2 of its levels.

You collected 8 gold pieces.

Inventory:

Armour
 a - a +0 robe (worn)
Jewellery
 f - a cursed amulet of inaccuracy (around neck)
Scrolls
 h - a scroll of identify {unknown}
Potions
 i - a potion of flight {unknown}
Books
 b - a book of Flames

   Spells                             Type                      Level
   a - Flame Tongue                   Conjuration/Fire             1
   b - Throw Flame                    Conjuration/Fire             2
   c - Conjure Flame                  Conjuration/Fire             3
   d - Inner Flame                    Hexes/Fire                   3
   e - Sticky Flame                   Conjuration/Fire             4
   f - Fireball                       Conjuration/Fire             5
Comestibles
 e - a bread ration {@e1}
 g - a royal jelly


   Skills:
 - Level 2.4 Dodging
 - Level 2.4 Stealth
 + Level 3.0 Spellcasting
 * Level 1.5 Conjurations
 * Level 3.6 Fire Magic


You had 5 spell levels left.
You knew the following spells:

 Your Spells              Type           Power        Failure   Level  Hunger
a - Flame Tongue          Conj/Fire      ##...        5%          1    None


Dungeon Overview and Level Annotations

Branches:
Dungeon (2/15)

Altars:


Message History

Casting: Flame Tongue
Confirm with . or Enter, or press ? or * to list all spells.
You can't see any susceptible monsters within range! (Use Z to cast anyway.) Unknown command.
A kobold comes into view. It is wielding a dagger.
Casting: Flame Tongue
Confirm with . or Enter, or press ? or * to list all spells.
Aiming: Flame Tongue
Press: ? - help, Shift-Dir - straight line, f - frilled lizard
Aim: a frilled lizard (resting)
The flame tongue hits the frilled lizard.
You kill the frilled lizard!
You now have 2/6 mp.
Casting: Flame Tongue
Confirm with . or Enter, or press ? or * to list all spells.
Aiming: Flame Tongue
Press: ? - help, Shift-Dir - straight line, f - kobold
Aim: a kobold, wielding a dagger The flame tongue hits the kobold.
You kill the kobold!
You now have 1/6 mp.
A hobgoblin comes into view.
The hobgoblin shouts!
Casting: Flame Tongue
Confirm with . or Enter, or press ? or * to list all spells.
Aiming: Flame Tongue
Press: ? - help, Shift-Dir - straight line, f - hobgoblin
Aim: a hobgoblin The flame tongue hits the hobgoblin.
The hobgoblin is moderately wounded.
You now have 1/6 mp.
Casting: Flame Tongue
Confirm with . or Enter, or press ? or * to list all spells.
Aiming: Flame Tongue
Press: ? - help, Shift-Dir - straight line, f/p - hobgoblin
Aim: a hobgoblin (moderately wounded)
The flame tongue misses the hobgoblin.
You now have 0/6 mp.
You see here a scroll labeled WIUHI SIFRIR.
h - a scroll labeled WIUHI SIFRIR The hobgoblin barely misses you.
The hobgoblin closely misses you. The hobgoblin closely misses you.
As you open the door, it creaks loudly! The hobgoblin hits you.
You take 3 damage, and have 7/10 hp.
MASSIVE DAMAGE!!
There is an open door here.
Press: ? - help, v - describe, . - travel The floor.
Casting: Flame Tongue
Confirm with . or Enter, or press ? or * to list all spells.
Aiming: Flame Tongue
Press: ? - help, Shift-Dir - straight line, f/p - hobgoblin
Aim: a hobgoblin (moderately wounded)
The flame tongue misses the hobgoblin.
The hobgoblin closely misses you.
You now have 0/6 mp.
Casting: Flame Tongue
Confirm with . or Enter, or press ? or * to list all spells.
You don't have enough magic to cast that spell.
Unknown command.
The hobgoblin barely misses you.
You open the door.
A giant cockroach comes into view.
The hobgoblin hits you but does no damage.
There is an open door here.
The giant cockroach closely misses you. The giant cockroach misses you.
You see here a puce potion.
i - a puce potion The giant cockroach barely misses you. x2
The hobgoblin hits you. The giant cockroach misses you.
You take 2 damage, and have 5/10 hp.
The hobgoblin hits you.
* * * LOW HITPOINT WARNING * * *
You take 3 damage, and have 2/10 hp.
MASSIVE DAMAGE!!
The hobgoblin hits you.
* * * LOW HITPOINT WARNING * * *
The giant cockroach closely misses you.
You take 1 damage, and have 1/10 hp.
The giant cockroach bites you but does no damage.
Casting: Flame Tongue
Confirm with . or Enter, or press ? or * to list all spells.
Aiming: Flame Tongue
Press: ? - help, Shift-Dir - straight line, f - giant cockroach, p - hobgoblin
Aim: a giant cockroach (clinging)
The flame tongue hits the hobgoblin.
You kill the hobgoblin!
You now have 1/6 mp.
Casting: Flame Tongue
Confirm with . or Enter, or press ? or * to list all spells.
Aiming: Flame Tongue
Press: ? - help, Shift-Dir - straight line, f/p - giant cockroach
Aim: a giant cockroach (clinging)
The flame tongue hits the giant cockroach.
The giant cockroach appears unharmed.
The giant cockroach barely misses you.
You now have 0/6 mp.
The giant cockroach misses you.
The giant cockroach bites you but does no damage.
You see here a dagger.
The giant cockroach bites you.
You die...

███......█
█.....████
█.███.█
█.█.█.█
████.█...█
█.......██
█.███...█
█.█████.█
█......
█...@s..█
█...██.█


█████████ █...█ █ █...█ █...█ █████ You could see a giant cockroach.

Vanquished Creatures
  A worm (D:2)
  A hobgoblin (D:2)
  A kobold (D:2)
  2 frilled lizards (D:2)
5 creatures vanquished.

Notes
Turn   | Place    | Note
-------+----------+-------------------------------------------
     0 | D:1      | Goblin1989 the Deep Elf Fire Elementalist began the quest for the Orb.
     0 | D:1      | Reached XP level 1. HP: 10/10 MP: 6/6
   113 | D:2      | Slain by a giant cockroach

Vault maps used:
D:1:      dpeg_arrival_three_bigger_balls

Action                   || total
-------------------------++-------
 Cast: Flame Tongue      ||    11
Armor: Robe              ||     3
Dodge: Dodged            ||    13

Vault maps used:
D:1:      dpeg_arrival_three_bigger_balls
